 Dungeon Crawl Stone Soup version 0.30-a0-859-gf88a04b62d (webtiles) character file.

Game seed: 10072944312393895326

354 BubbleThief the Firebug (level 6, 0/56 HPs)
             Began as a Naga Cinder Acolyte on Mar 7, 2023.
             Was a High Priest of Ignis.
             Killed from afar by a gnoll (7 damage)
             ... with a bolt of light
             ... on level 4 of the Dungeon.
             The game lasted 00:04:54 (3470 turns).

BubbleThief the Firebug (Naga Cinder Acolyte)       Turns: 3470, Time: 00:04:55

Health: 0/56       AC: 11    Str: 16    XL:     6   Next: 63%
Magic:  0/10       EV:  8    Int: 16    God:    Ignis [*****.]
Gold:   212        SH:  3    Dex:  7    Spells: 9/11 levels left

rFire   + . .      SeeInvis +    a - -1 mace (flame)
rCold   . . .      Faith    .    k - +0 buckler
rNeg    . . .      Spirit   .    b - +0 robe
rPois   +          Reflect  .    (no helmet)
rElec   .          Rampage  .    r - +0 cloak
rCorr   .                        (no gloves)
Will    .....                    (no barding)
Stlth   +                        (no amulet)
HPRegen 0.29/turn                (no ring)
MPRegen 0.12/turn                (no ring)

@: fiery-armoured, very slow
A: AC +2, large, see invisible, deformed body, poison resistance, slowness 2,
spit poison 1, naga tail 1
a: Spit Poison, Renounce Religion, Fiery Armour, Foxfire Swarm, Rising Flame


You were on level 4 of the Dungeon.
You worshipped Ignis.
Ignis was extremely pleased with you.
You visited 1 branch of the dungeon, and saw 4 of its levels.

You collected 212 gold pieces.

Inventory:

Hand Weapons
 a - a -1 mace of flaming (weapon)
Armour
 b - a +0 robe (worn)
 k - a +0 buckler (worn)
 r - a +0 cloak (worn)
Scrolls
 c - a scroll of fog {unknown}
 d - a scroll of noise {unknown}
 e - a scroll of silence {unknown}
 f - 2 scrolls of fear {unknown}
 g - 5 scrolls of identify {unknown}
 j - 2 scrolls of teleportation {unknown}
 o - 2 scrolls of immolation {unknown}
 p - a scroll of magic mapping {unknown}
 q - a scroll of poison {unknown}
Potions
 h - a potion of berserk rage {unknown}
 i - 2 potions of degeneration {unknown}
 l - a potion of attraction {unknown}
 m - 3 potions of curing {unknown}
 n - a potion of cancellation {unknown}
 s - a potion of brilliance {unknown}
 t - a potion of flight {unknown}


   Skills:
 - Level 3.0 Fighting
 - Level 3.0 Maces & Flails
 + Level 1.0 Shields
 + Level 3.3 Spellcasting
 * Level 6.0 Fire Magic


You had 9 spell levels left.
You knew the following spells:

 Your Spells              Type           Power      Damage    Failure   Level
a - Scorch                Fire           44%        2d7       3%          2

Your spell library contained the following spells:

 Spells                   Type           Power      Damage    Failure   Level
 Freeze                   Ice            8%         1d3       24%         1
 Static Discharge         Conj/Air       4%         2-3/arc   34%         2
 Frozen Ramparts          Ice            4%         1d1       56%         3
 Gell's Gravitas          Tloc           2%         N/A       56%         3
 Hailstorm                Conj/Ice       2%         3d3       56%         3
 Teleport Other           Tloc           2%         N/A       56%         3
 Vhi's Electric Charge    Tloc/Air       4%         N/A       56%         3
 Arcjolt                  Conj/Air       1%         1d11      100%        5
 Lightning Bolt           Conj/Air       1%         1d12      100%        5
 Dispersal                Tloc           1%         N/A       100%        6


Dungeon Overview and Level Annotations

Branches:
Dungeon (4/15)
 Temple: D:4-7

Altars:
Elyvilon
Sif Muna
Vehumet

Annotations:
D:3 Terence


Innate Abilities, Weirdness & Mutations

Your serpentine skin is tough. (AC +2)
You have supernaturally acute eyesight. (SInv)
Armour fits poorly on your strangely shaped body.
Your system is resistant to poisons. (rPois)
You cover ground very slowly.
You can spit poison.
You have a snake-like lower body.


Message History

The gnoll hits you but does no damage.
The gnoll is burned by your cloak of flames.
The gnoll is heavily wounded.
The gnoll hits you from afar with a +0 halberd.
Casting: Scorch (safe; 3% risk of failure)
Confirm with . or Enter, or press ? or * to list all spells.
Flames lash the gnoll.
You kill the gnoll!
The gnoll hits you with a +0 club.
The gnoll is burned by your cloak of flames.
The gnoll is almost dead.
The gnoll hits you from afar with a +0 halberd.
Your Shields skill increases to level 1!
Casting: Scorch (safe; 3% risk of failure)
Confirm with . or Enter, or press ? or * to list all spells.
Flames lash the gnoll.
You kill the gnoll!
The gnoll zaps a wand.
The bolt of light hits you!
Unknown command.
Casting: Scorch (safe; 3% risk of failure)
Confirm with . or Enter, or press ? or * to list all spells.
Flames lash the gnoll.
The gnoll is severely wounded.
The gnoll's fire resistance burns away.
You have got your breath back.
The gnoll hits you from afar with a +0 halberd.
* * * LOW HITPOINT WARNING * * *
Casting: Scorch (safe; 3% risk of failure)
Confirm with . or Enter, or press ? or * to list all spells.
Flames lash the gnoll.
The gnoll is severely wounded.
The gnoll's fire resistance burns away.
The gnoll hits you from afar with a +0 halberd!
* * * LOW HITPOINT WARNING * * *
Casting: Scorch (safe; 3% risk of failure)
Confirm with . or Enter, or press ? or * to list all spells.
Flames lash the gnoll.
The gnoll is burned terribly!
The gnoll is almost dead.
The gnoll zaps a wand.
The bolt of light hits you!
You die...

#...#[......รท##).
##...#........##..
#..###........###. #.##
#........# #. #.#
#........# #. ##.. #.#
#........# #. ........#
#.# ##...###### #.
.........## #.###...##
#^ ..........#
#@#....## ..........#
#)#....#
..........###g#...##
.............g....#
......................
............###...###..
.........#.####..##
....####...##....#
.#)....##.........


You could see 2 gnolls.

Vanquished Creatures
  An ogre (D:4)
  A hound (D:4)
  2 jellies
  An orc priest (D:4)
  An iguana (D:3)
  An orc wizard (D:4)
  2 gnolls (D:4)
  An adder (D:4)
  A worm (D:2)
  A dart slug (D:1)
  6 orcs
  3 bats
  8 endoplasms
  3 giant cockroaches
  5 goblins
  3 hobgoblins
  3 jackals (D:1)
  6 kobolds
  5 quokkas
  5 ball pythons
  3 frilled lizards (D:1)
  3 rats
65 creatures vanquished.

Notes
Turn   | Place    | Note
-------+----------+-------------------------------------------
     0 | D:1      | BubbleThief the Naga Cinder Acolyte began the quest for the
                  | Orb.
     0 | D:1      | Reached XP level 1. HP: 21/21 MP: 2/2
   265 | D:1      | Reached XP level 2. HP: 28/28 MP: 3/3
   274 | D:1      | Learned a level 2 spell: Scorch
   330 | D:1      | Found a faded altar of an unknown god.
  1001 | D:1      | Reached XP level 3. HP: 23/34 MP: 2/5
  1586 | D:2      | Reached skill level 4 in Fire Magic
  1973 | D:3      | Found a white marble altar of Elyvilon.
  1975 | D:3      | Noticed Terence
  1993 | D:3      | Found a shimmering blue altar of Sif Muna.
  2356 | D:3      | Reached XP level 4. HP: 42/42 MP: 1/7
  2581 | D:3      | Found a radiant altar of Vehumet.
  2749 | D:4      | Noticed an ogre
  2755 | D:4      | Killed an ogre
  2756 | D:4      | Reached skill level 5 in Fire Magic
  2756 | D:4      | Reached XP level 5. HP: 49/49 MP: 5/9
  2859 | D:4      | Reached XP level 6. HP: 56/56 MP: 5/10
  3401 | D:4      | Reached skill level 6 in Fire Magic
  3467 | D:4      | Reached skill level 1 in Shields
  3470 | D:4      | Killed from afar by a gnoll

Illustrated notes

Levels and vault maps discovered:
D:1:      minmay_arrival_semitransparent, layout_basic,
          hellmonk_ecumenical_altar_leap_of_faith, nicolae_hexahallways,
          chequers_serial_rivers_micro_e
D:2:      layout_rooms, chequers_serial_rivers_small_a
D:3:      layout_basic, nicolae_overflow_hidden_temple,
          dreamdust_mushroom_princess, dk_noncrumbling_4, st_stairs_4,
          uniq_terence
D:4:      layout_rooms

Skill      XL: |  1  2  3  4  5  6 |
---------------+-------------------+-----
Fire Magic     | 4 5 6 |  6.0
Spellcasting   | 2 3 |  3.3
Shields        | 1 |  1.0
Fighting       | |  3.0
Maces & Flails | |  3.0

Action                     |  1- 3 |  4- 6 || total
---------------------------+-------+-------++-------
  Melee: Mace              |    30 |     2 ||    32
   Cast: Scorch            |    26 |    34 ||    60
 Invoke: Fiery Armour      |       |     2 ||     2
Ability: Spit Poison       |    20 |    10 ||    30
 Armour: Robe              |    11 |    11 ||    22
  Dodge: Dodged            |    25 |    11 ||    36
  Block: Buckler           |       |     2 ||     2

Table legend: (Time is in decaauts)
 A = Elapsed time spent in this place.
 B = Non-inter-level travel time spent in this place.
 C = Inter-level travel time spent in this place.
 D = Time resting spent in this place.
 E = Time spent auto-exploring this place.
 F = Levels seen in this place.
 G = Mean time per level.
                   A        B        C        D        E       F      G
               +--------+--------+--------+--------+--------+-----+--------+
         Total |   4263 |   4168 |     95 |    199 |   3496 |   4 | 1065.8 |
       Dungeon |   4263 |   4168 |     95 |    199 |   3496 |   4 | 1065.8 |
               +--------+--------+--------+--------+--------+-----+--------+

Top non-repeatable levels by time:
     D:1: 1615 daAuts
     D:3: 1242 daAuts
     D:2: 840 daAuts
     D:4: 564 daAuts
